 Dungeon Crawl Stone Soup version 0.19.1 (webtiles) character file.

4023 LORDOFBUTT the Blocker (level 10, -1/81 (82) HPs)
             Began as a Formicid Fighter on Dec 23, 2016.
             Was an Initiate of Gozag.
             Slain by an orc
             ... wielding a +0 flail of crushing
              (5 damage)
             ... on level 9 of the Dungeon.
             The game lasted 00:09:20 (6852 turns).

LORDOFBUTT the Blocker (Formicid Fighter)           Turns: 6852, Time: 00:09:22

HP:   -1/81 (82)    AC: 10    Str: 21    XL:     10   Next: 47%
MP:   10/10         EV:  9    Int:  8    God:    Gozag
Gold: 689           SH: 16    Dex: 16    Spells: 1 memorised, 7 levels left

rFire  . . .     SeeInvis +     N - +1 hand axe (freeze)
rCold  . . .     Gourm    .     b - +0 scale mail
rNeg   . . .     Faith    .     c - +0 shield
rPois  .         Spirit   .     (helmet unavailable)
rElec  .         Reflect  +     v - +1 cloak
rCorr  .         Harm     .     r - +2 pair of gloves
MR     +....                    (no boots)
Stlth  ..........               F - +4 amulet of reflection
                                s - +3 ring of slaying
                                y - +3 ring of dexterity

@: corroded, gold aura
A: permanent stasis, dig shafts and tunnels, four strong arms, antennae 3
a: Dig, Shaft Self, Potion Petition, Call Merchant, Bribe Branch, Renounce
Religion


You were on level 9 of the Dungeon.
You worshipped Gozag.
Gozag was pleased with you.
You were hungry.

You visited 2 branches of the dungeon, and saw 10 of its levels.

You collected 814 gold pieces.
You paid 125 gold pieces to Gozag.

Inventory:

Hand Weapons
 N - a +1 hand axe of freezing (weapon)
Armour
 b - a +0 scale mail (worn)
 c - a +0 shield (worn)
 r - a +2 pair of gloves (worn)
 v - a +1 cloak (worn)
Jewellery
 m - an uncursed ring of protection from cold
 q - a cursed -5 ring of dexterity
 s - a +3 ring of slaying (right hand)
 y - a +3 ring of dexterity (left hand)
 F - a +4 amulet of reflection (around neck)
 H - an uncursed amulet of faith {unknown}
Scrolls
 e - 2 scrolls of amnesia
 g - 4 scrolls of remove curse
 j - 2 scrolls of teleportation {unknown}
 k - a scroll of fog {unknown}
 o - 2 scrolls of fear
 p - a scroll of noise {unknown}
 u - 2 scrolls of blinking {unknown}
 w - 2 scrolls of identify
 x - a scroll of enchant weapon {unknown}
 B - 2 scrolls of random uselessness {unknown}
 E - a scroll of recharging {unknown}
 J - a scroll of immolation {unknown}
Potions
 d - 2 potions of might
 h - 3 potions of curing
 i - a potion of haste
 t - 3 potions of agility
 A - a potion of invisibility
 C - a potion of heal wounds
 G - 2 potions of cure mutation
 K - a potion of mutation {unknown}
 L - a potion of lignification {unknown}
Books
 l - a book of Minor Magic

   Spells                             Type                      Level
   a - Magic Dart                     Conjuration                  1
   b - Blink                          Translocation                2
   c - Call Imp                       Summoning                    2
   d - Repel Missiles                 Charms/Air                   2
   e - Slow                           Hexes                        2
   f - Conjure Flame                  Conjuration/Fire             3
   g - Mephitic Cloud                 Conjuration/Poison/Air       3
 I - Kikubaaqudgha's Volume of Evil Magic
   (You found it on level 7 of the Dungeon)

   Spells                             Type                      Level
   a - Pain                           Necromancy                   1
 M - a book of Cantrips

   Spells                             Type                      Level
   a - Confusing Touch                Hexes                        1
   b - Animate Skeleton               Necromancy                   1
   c - Summon Small Mammal            Summoning                    1
   d - Apportation                    Translocation                1
Comestibles
 f - 7 bread rations
 n - 7 meat rations
 z - a royal jelly
 D - 3 fruits


   Skills:
 + Level 8.9 Fighting
 + Level 7.6 Axes
 + Level 8.5 Armour
 + Level 9.3 Shields


You had 7 spell levels left.
You knew the following spells:

 Your Spells              Type           Power        Failure   Level  Hunger
a - Slow                  Hex            #.......     98%         2    ###....


Dungeon Overview and Level Annotations

Branches:
Dungeon (9/15)             Temple (1/1) D:6
   Lair: D:8-11         Orc: D:9-12

Altars:
Ashenzari
Cheibriados
Dithmenos
Elyvilon
Fedhas
Gozag
Hepliaklqana
Kikubaaqudgha
Makhleb
Nemelex Xobeh
Okawaru
Qazlal
Ru
Sif Muna
Trog
Uskayaw
Vehumet
Xom
Zin
The Shining One


Innate Abilities, Weirdness & Mutations

You are under a permanent stasis effect.
You can dig through walls and to a lower floor.
Your four strong arms can wield two-handed weapons with a shield.
You have a pair of large antennae on your head. (SInv)


Message History

You hit the orc warrior. You freeze the orc warrior.
The orc warrior is heavily wounded.
You closely miss the sky beast. You barely miss the orc.
The sky beast hits you but does no damage.
The orc barely misses you. You block the orc warrior's attack.
You slash the orc warrior! You freeze the orc warrior.
The orc warrior is almost dead.
You hit the orc but do no damage. You hit the sky beast.
You freeze the sky beast.
The sky beast hits you but does no damage.
The orc hits you but does no damage.
You barely miss the orc warrior.
The orc warrior is almost dead.
You barely miss the orc. You hit the sky beast. You freeze the sky beast.
You block the sky beast's attack.
The orc warrior hits you with a vampiric battleaxe!!
* * * LOW HITPOINT WARNING * * *
The orc hits you with a flail of crushing.
You die...
Your body crumbles into a pile of gold.

$
(......?.........
................#
(................
..(..............
.................
....$............
.....$o..........
......o@$<.......
......$.Y........
................!
.................
..........#......
.................
............>....
...............#.


You could see an orc warrior, a sky beast and an orc.

Vanquished Creatures
  The ghost of bootybruja the Carver, a novice FoFi of Okawaru (D:8)
  A two-headed ogre (D:8)
  Prince Ribbit (D:8)
  2 hippogriffs
  A spriggan (D:8)
  A water moccasin (D:8)
  A phantom (D:4)
  A sky beast (D:7)
  A necrophage (D:5)
  5 ogres
  A bullfrog (D:7)
  3 jellies
  5 scorpions
  3 wights (D:6)
  A howler monkey (D:8)
  4 crimson imps
  A centaur zombie (D:8)
  A bullfrog zombie (D:6)
  11 orc wizards
  A hound (D:5)
  3 orc priests
  2 bullfrog skeletons
  2 iguanas (D:8)
  6 worker ants
  A worker ant zombie (D:6)
  5 gnolls
  A howler monkey skeleton (D:5)
  13 adders
  An ooze (D:2)
  2 adder skeletons (D:7)
  An adder zombie (D:6)
  3 dart slugs
  4 leopard geckos
  11 orcs
  11 bats
  5 giant cockroaches
  6 goblins
  7 hobgoblins
  7 jackals
  5 kobolds
  6 quokkas
  A ball python (D:2)
  5 frilled lizards
  7 rats
161 creatures vanquished.

Vanquished Creatures (others)
  An orc (D:8)
1 creature vanquished.

Grand Total: 162 creatures vanquished

Notes
Turn   | Place    | Note
-------+----------+-------------------------------------------
     0 | D:1      | LORDOFBUTT the Formicid Fighter began the quest for the Orb.
     0 | D:1      | Reached XP level 1. HP: 18/18 MP: 1/1
    13 | D:1      | Reached XP level 2. HP: 17/24 MP: 2/2
   156 | D:1      | Reached XP level 3. HP: 28/30 MP: 3/3
   254 | D:1      | Reached skill level 4 in Shields
   579 | D:2      | Reached XP level 4. HP: 23/37 MP: 4/4
  1114 | D:2      | Found a hide-covered altar of Uskayaw.
  1123 | D:2      | Found a shattered altar of Ashenzari.
  1278 | D:3      | Learned a level 2 spell: Slow
  1319 | D:3      | Reached XP level 5. HP: 35/42 MP: 5/5
  1820 | D:3      | Found a glowing golden altar of the Shining One.
  1883 | D:4      | Noticed a phantom
  1916 | D:4      | Killed a phantom
  1916 | D:4      | Reached XP level 6. HP: 38/49 MP: 6/6
  2076 | D:4      | Reached skill level 5 in Shields
  2437 | D:4      | Noticed an ogre
  2446 | D:4      | Killed an ogre
  2446 | D:4      | Reached skill level 5 in Fighting
  2446 | D:4      | Reached skill level 5 in Armour
  2446 | D:4      | Reached XP level 7. HP: 16/56 MP: 7/7
  3121 | D:5      | Entered Level 5 of the Dungeon
  3496 | D:5      | Reached XP level 8. HP: 62/62 MP: 8/8
  3569 | D:5      | Reached skill level 6 in Shields
  3589 | D:5      | Reached skill level 5 in Axes
  3769 | D:6      | Found a staircase to the Ecumenical Temple.
  3926 | D:6      | Found a bloodstained altar of Trog.
  3981 | Temple   | Entered the Ecumenical Temple
  4324 | D:6      | Found an opulent altar of Gozag.
  4325 | D:6      | Found a sparkling altar of Nemelex Xobeh.
  4386 | D:6      | Became a worshipper of Gozag Ym Sagoz the Greedy
  4628 | D:7      | Noticed a hippogriff
  4639 | D:7      | Killed a hippogriff
  4639 | D:7      | Reached skill level 7 in Shields
  4639 | D:7      | Reached XP level 9. HP: 55/70 MP: 9/9
  4708 | D:7      | Found a radiant altar of Vehumet.
  4721 | D:7      | Found an ancient bone altar of Kikubaaqudgha.
  4739 | D:7      | Identified Kikubaaqudgha's Volume of Evil Magic
  4746 | D:7      | Found a deep blue altar of Sif Muna.
  5508 | D:8      | Noticed Prince Ribbit
  5932 | D:8      | Reached skill level 8 in Shields
  5988 | D:8      | Noticed a two-headed ogre
  5992 | D:8      | Noticed bootybruja's ghost (novice FoFi)
  6012 | D:8      | Killed bootybruja's ghost
  6012 | D:8      | Reached XP level 10. HP: 21/79 MP: 10/10
  6348 | D:8      | Reached skill level 9 in Shields
  6438 | D:8      | Killed Prince Ribbit
  6765 | D:8      | Found a burning altar of Makhleb.
  6765 | D:8      | Noticed a balrug
  6768 | D:8      | Noticed a smoke demon
  6852 | D:9      | HP: 4/81 [orc warrior/vampiric battleaxe (26)]
  6852 | D:9      | Slain by an orc

Skill      XL: |  1  2  3  4  5  6  7  8  9 10 |
---------------+-------------------------------+-----
Shields        | 4 5 7 8 9 |  9.3
Fighting       | 4 5 6 8 |  8.9
Armour         | 4 5 6 7 8 |  8.5
Axes           | 3 4 5 7 |  7.6

Action                   |  1- 3 |  4- 6 |  7- 9 | 10-12 || total
-------------------------+-------+-------+-------+-------++-------
Melee: War axe           |    86 |   158 |   246 |    57 ||   547
       Hand axe          |       |       |       |    14 ||    14
  Use: Scroll            |       |       |    13 |       ||    13
       Potion            |       |       |     1 |       ||     1
  Eat: Chunk             |       |     5 |     4 |       ||     9
       Fruit             |       |     1 |       |       ||     1
       Beef jerky        |       |       |     3 |       ||     3
       Meat ration       |       |       |     1 |       ||     1
Armor: Scale mail        |    33 |    78 |    66 |    24 ||   201
Dodge: Dodged            |    22 |    53 |    71 |     9 ||   155
Block: Shield            |    45 |    87 |   162 |    51 ||   345
       Reflection        |       |       |     1 |     6 ||     7
